 Dungeon Crawl Stone Soup version 0.27-a0-972-gd1521fd518 (webtiles) character file.

Game seed: 10753065647513188099

11 polve the Skirmisher (level 2, 0/24 HPs)
             Began as a Demonspawn Abyssal Knight on Apr 13, 2021.
             Was an Initiate of Lugonu.
             Slain by a rat (2 damage)
             ... on level 1 of the Dungeon.
             The game lasted 00:00:39 (923 turns).

polve the Skirmisher (Demonspawn Abyssal Knight)     Turns: 923, Time: 00:00:39

Health: 0/24       AC:  3    Str: 12    XL:     2   Next: 13%
Magic:  3/3        EV: 11    Int: 13    God:    Lugonu [......]
Gold:   42         SH:  4    Dex: 12    Spells: 1/1 levels left

rFire    . . .     SeeInvis .   a - +1 short sword
rCold    . . .     Faith    .   (no shield)
rNeg     . . .     Spirit   .   b - +0 leather armour
rPois    .         Reflect  .   (no helmet)
rElec    .         Harm     .   (no cloak)
rCorr    .         Rampage  .   (no gloves)
Will     .....                  (no boots)
Stlth    +.........             (no amulet)
HPRegen  0.08/turn              (no ring)
MPRegen  0.08/turn              (no ring)

@: no status effects
A: condensation shield
a: Renounce Religion


You were on level 1 of the Dungeon.
You worshipped Lugonu.
Lugonu was noncommittal.
You visited 1 branch of the dungeon, and saw 1 of its levels.
You visited the Abyss 1 time.

You collected 42 gold pieces.

Inventory:

Hand Weapons
 a - a +1 short sword (weapon)
Armour
 b - a +0 leather armour (worn)
Potions
 c - a potion of flight {unknown}
 d - a potion of mutation {unknown}
 e - 2 potions of curing {unknown}


   Skills:
 - Level 3.0 Fighting
 + Level 2.6 Short Blades
 - Level 1.7 Armour
 - Level 0.8 Dodging
 - Level 2.4 Invocations


You had one spell level left.
You didn't know any spells.
Your spell library was empty.

Dungeon Overview and Level Annotations

Branches:
Dungeon (1/15)

Altars:


Innate Abilities, Weirdness & Mutations

A meltable shield of frost defends you. (SH +4)


Message History

The rat bites you.
* * * LOW HITPOINT WARNING * * *
The rat barely misses you. The rat barely misses you. The rat misses you.
You block the rat's attack. The rat barely misses you.
The rat barely misses you. The rat bites you.
* * * LOW HITPOINT WARNING * * *
The rat barely misses you. You block the rat's attack.
You block the rat's attack. The rat barely misses you.
The rat closely misses you. The rat bites you but does no damage.
The rat bites you but does no damage. You block the rat's attack.
The rat bites you.
* * * LOW HITPOINT WARNING * * *
You block the rat's attack. The rat barely misses you.
The rat bites you but does no damage. The rat closely misses you.
The rat bites you but does no damage. The rat barely misses you.
The rat closely misses you. You block the rat's attack.
The rat bites you but does no damage. The rat barely misses you.
The rat barely misses you. The rat bites you.
* * * LOW HITPOINT WARNING * * *
You block the rat's attack. The rat bites you.
* * * LOW HITPOINT WARNING * * *
The rat misses you. The rat completely misses you. The rat bites you.
You die...

+. #.# .# ##
####.###.# ###
#........# # #..
#.....#.!# .# #..
###........#..#.# #..
............ #.# #..
#....#.##..#.######..
#...@r...............
#..#.#.#####.########
#..#.# # #.#
#..#.#.#####.########
#.................†..
#.##.#.#####.######..
#.##^#......†........
#.##.########'#####..
#....................


You could see a rat.

Vanquished Creatures
  A dart slug (D:1)
  2 bats (D:1)
  An endoplasm (D:1)
  2 goblins (D:1)
  3 rats (D:1)
9 creatures vanquished.

Notes
Turn   | Place    | Note
-------+----------+-------------------------------------------
     0 | Abyss:1  | polve the Demonspawn Abyssal Knight began the quest for the
                  | Orb.
     0 | Abyss:1  | Reached XP level 1. HP: 18/18 MP: 2/2
     9 | Abyss:1  | Found a corrupted altar of Lugonu.
    17 | Abyss:1  | Found a shadowy altar of Dithmenos.
   113 | Abyss:1  | Noticed a sun demon
   156 | Abyss:1  | Noticed a large abomination
   184 | Abyss:1  | Noticed an ancient zyme
   186 | Abyss:1  | Noticed a tentacled starspawn
   186 | Abyss:1  | Noticed a thrashing horror
   192 | D:1      | Escaped the Abyss
   766 | D:1      | Gained mutation: A meltable shield of frost defends you.
                  | (SH +4) [demonic ancestry]
   766 | D:1      | Reached XP level 2. HP: 24/24 MP: 3/3
   920 | D:1      | HP: 1/24 [rat (1)]
   923 | D:1      | Slain by a rat

Illustrated notes

Levels and vault maps discovered:
D:1:      grunt_arrival_lava_bath, layout_basic,
          chequers_ecumenical_altar_grove, minmay_tall_x

Skill      XL: |  1 |
---------------+----+-----
Short Blades   | 2 |  2.6
Fighting       | |  3.0
Armour         | |  1.7
Dodging        | |  0.8
Invocations    | |  2.4

Action                   || total
-------------------------++-------
Melee: Short sword       ||    31
Invok: Depart the Abyss  ||     1
Armor: Leather armour    ||    18
Dodge: Dodged            ||    45
Block: Other             ||    12

Table legend: (Time is in decaauts)
 A = Elapsed time spent in this place.
 B = Non-inter-level travel time spent in this place.
 C = Inter-level travel time spent in this place.
 D = Time resting spent in this place.
 E = Time spent auto-exploring this place.
 F = Levels seen in this place.
 G = Mean time per level.
                   A        B        C        D        E       F      G
               +--------+--------+--------+--------+--------+-----+--------+
         Total |    922 |    922 |      0 |      0 |    748 |   2 |  461.0 |
       Dungeon |    730 |    730 |      0 |      0 |    593 |   1 |  730.0 |
         Abyss |    192 |    192 |      0 |      0 |    155 |   1 |  192.0 |
               +--------+--------+--------+--------+--------+-----+--------+

Top non-repeatable levels by time:
     D:1: 730 daAuts
 Abyss:1: 192 daAuts
